 Dungeon Crawl Stone Soup version 0.24.1-8-ga250c9d538 (webtiles) character file.

Game seed: 12768581417227179314, levelgen mode: deterministic

44 raph the Conjurer (level 3, 0/49 HPs)
             Began as a Draconian Conjurer on May 9, 2020.
             Succumbed to an adder's poison
             ... on level 2 of the Dungeon.
             The game lasted 00:02:07 (893 turns).

raph the Conjurer (Draconian Conjurer)               Turns: 893, Time: 00:02:08

Health: 0/49       AC: 21    Str: 10    XL:     3   Next: 41%
Magic:  1/8        EV:  2    Int: 16    God:
Gold:   47         SH:  0    Dex: 16    Spells: 9/10 levels left

rFire    . . .     SeeInvis .   g - +0 whip
rCold    . . .     Gourm    .   (no shield)
rNeg     + + +     Faith    .   (armour unavailable)
rPois    +         Spirit   .   (helmet currently unavailable)
rElec    .         Reflect  .   (cloak currently unavailable)
rCorr    .         Harm     .   (gloves currently unavailable)
MR       .....     NoTele   +   (boots currently unavailable)
Stlth    ++++......             (no amulet)
HPRegen  0.16/turn              (no ring)
MPRegen  0.11/turn              (no ring)

@: agile, lethally poisoned (0 -> -2), tree-form
A: unfitting armour, AC +5
a: no special abilities


You were on level 2 of the Dungeon.
You were not hungry.
You were a tree.
You visited 1 branch of the dungeon, and saw 2 of its levels.

You collected 47 gold pieces.

Inventory:

Hand Weapons
 g - a +0 whip (weapon)
Missiles
 c - 25 stones (quivered)
 d - 10 poisoned darts
Jewellery
 h - an uncursed ring of wizardry {unknown}
Comestibles
 b - 2 rations
 j - 2 chunks of flesh


   Skills:
 - Level 3.6 Fighting
 - Level 3.6 Dodging
 - Level 4.1 Stealth
 + Level 4.1 Spellcasting
 * Level 6.9 Conjurations


You had 9 spell levels left.
You knew the following spells:

 Your Spells              Type           Power        Failure   Level  Hunger
a - Magic Dart            Conj           ####         1%          1    None

Your spell library contained the following spells:

 Spells                   Type           Power        Failure   Level  Hunger
 Searing Ray              Conj           ####..       1%          2    ##.....
 Iskenderun's Mystic Bla  Conj           ####....     10%         4    ####...
 Dazzling Spray           Conj/Hex       ##....       12%         3    ###....
 Force Lance              Conj/Tloc      ##......     36%         4    ####...
 Fulminant Prism          Conj/Hex       ##........   36%         4    ####...


Dungeon Overview and Level Annotations

Branches:
Dungeon (2/15)

Altars:


Innate Abilities, Weirdness & Mutations

((Your plain brown scales are hard. (AC +5)))
You cannot fit into any form of body armour.
((You are cold-blooded and may be slowed by cold attacks.))


Message History

It was a potion of agility.
You feel agile all of a sudden.
* * * LOW HITPOINT WARNING * * *
You feel sick.
* * * LOW HITPOINT WARNING * * *
You feel sick.
As you read the scroll labeled QEXKOALUUD, it crumbles to dust.
You cannot blink because you are held in place by your roots.
It was a scroll of blinking.
* * * LOW HITPOINT WARNING * * *
You feel sick.
There is a lethal amount of poison in your body!
There is a lethal amount of poison in your body!
* * * LOW HITPOINT WARNING * * *
You feel sick.
You aren't carrying any potions.
* * * LOW HITPOINT WARNING * * *
You feel sick.
Sorry, you're not good enough to have a special ability.
You die...

#. #. #.#
#####..
.......
.......
.......##
#♣#
#.........#
#.........#
#..(......#
#...........
#........###
#........#
#........#


There were no monsters in sight!

Vanquished Creatures
  An adder (D:2)
  A goblin (D:1)
  4 hobgoblins (D:1)
  A rat (D:1)
7 creatures vanquished.

Notes
Turn   | Place    | Note
-------+----------+-------------------------------------------
     0 | D:1      | raph the Draconian Conjurer began the quest for the Orb.
     0 | D:1      | Reached XP level 1. HP: 14/14 MP: 3/3
   878 | D:2      | Reached XP level 2. HP: 3/20 MP: 0/5
   879 | D:2      | Reached skill level 6 in Conjurations
   879 | D:2      | Reached XP level 3. HP: 3/33 MP: 0/8
   883 | D:2      | HP: 2/49 [poisoned by an adder]
   890 | D:2      | HP: 1/49 [poisoned by an adder]
   893 | D:2      | Succumbed to an adder's poison

Levels and vault maps discovered:
D:1:      lemuel_arrival_muddy, layout_basic
D:2:      layout_basic, kennysheep_slug_shrine

Skill      XL: |  1  2 |
---------------+-------+-----
Fighting       | 3 |  3.6
Dodging        | 3 |  3.6
Stealth        | 4 |  4.1
Spellcasting   | 4 |  4.1
Conjurations   | 6 |  6.9

Action                   || total
-------------------------++-------
Melee: Whip              ||    10
       Unarmed           ||     2
       Tailslap          ||     1
 Cast: Magic Dart        ||    17
  Use: Potion            ||     3
       Scroll            ||     1
Armor: Skin              ||     1
Dodge: Dodged            ||    10
